 Dungeon Crawl Stone Soup version 0.18.1-8-gdd0e5ea (webtiles) character file.

282 mopl the Gusty (level 6, -6/41 HPs)
             Began as a Demonspawn Air Elementalist on May 22, 2016.
             Was an Initiate of Makhleb.
             Mangled by Menkaure (13 damage)
             ... on level 4 of the Dungeon.
             The game lasted 00:07:31 (2773 turns).

mopl the Gusty (Demonspawn Air Elementalist)        Turns: 2773, Time: 00:07:32

Health: -6/41      AC:  4    Str:  8    XL:     6   Next: 6%
Magic:  9/11       EV: 12    Int: 22    God:    Makhleb [......]
Gold:   195        SH:  0    Dex: 14    Spells: 3 memorised, 6 levels left

rFire  . . .     SeeInvis .     j - +0 dagger (venom)
rCold  . . .     Gourm    .     a - +0 robe
rNeg   . . .     Faith    .     (no shield)
rPois  .         Spirit   .     (helmet restricted)
rElec  .         Dismiss  .     (no cloak)
rCorr  .         Reflect  .     (no gloves)
SustAt .         Harm     .     (no boots)
MR     .....                    w - amulet of rage
Stlth  +.........               (no ring)
                                k - +4 ring of intelligence

@: confused, not resistant to hostile enchantments, very unstealthy
A: antennae 1, large bone plates 1, spiny 1
a: Renounce Religion, Evoke Berserk Rage


You were on level 4 of the Dungeon.
You worshipped Makhleb.
Makhleb was noncommittal.
You were hungry.

You visited 2 branches of the dungeon, and saw 5 of its levels.

You collected 195 gold pieces.

Inventory:

Hand Weapons
 j - a +0 dagger of venom (weapon)
Missiles
 n - 2 throwing nets (quivered)
 p - 21 poisoned needles
Armour
 a - a +0 robe (worn)
Jewellery
 k - a +4 ring of intelligence (left hand)
 w - an amulet of rage (around neck)
Scrolls
 e - a scroll of immolation {unknown}
 g - 2 scrolls of teleportation {unknown}
 h - a scroll of identify {unknown}
 i - a scroll of enchant weapon {unknown}
 r - a scroll of recharging {unknown}
 s - 2 scrolls of remove curse {unknown}
 u - a scroll of enchant armour {unknown}
Potions
 d - a potion of flight {unknown}
 m - a potion of brilliance {unknown}
 o - a potion of ambrosia
 q - a potion of cure mutation {unknown}
 v - a potion of invisibility {unknown}
Books
 b - a book of Air

   Spells                             Type                      Level
   a - Shock                          Conjuration/Air              1
   b - Swiftness                      Charms/Air                   2
   c - Repel Missiles                 Charms/Air                   2
   d - Static Discharge               Conjuration/Air              3
   e - Lightning Bolt                 Conjuration/Air              5
Comestibles
 c - 2 bread rations
 f - a meat ration
 l - 5 chunks of flesh
 t - a beef jerky


   Skills:
 - Level 1.7 Dodging
 - Level 1.7 Stealth
 + Level 3.5 Spellcasting
 + Level 2.8 Conjurations
 * Level 4.6 Air Magic
 + Level 1.3 Invocations


You had 6 spell levels left.
You knew the following spells:

 Your Spells              Type           Power        Failure   Level  Hunger
a - Shock                 Conj/Air       ###.         2%          1    None
b - Static Discharge      Conj/Air       ###.....     10%         3    ###....
i - Repel Missiles        Chrm/Air       ##....       10%         2    ##.....


Dungeon Overview and Level Annotations

Branches:
Dungeon (4/15)             Temple (1/1) D:4

Altars:
Ashenzari
Dithmenos
Makhleb
Okawaru
Ru
Trog
Vehumet
Xom
The Shining One

Annotations:
D:4 Menkaure


Innate Abilities, Weirdness & Mutations

You have a pair of small antennae on your head.
You are partially covered in large bone plates (AC +2, SH +2).
You are partially covered in sharp spines.


Message History

Menkaure casts a spell at you. Pain shoots through your body!
* * * LOW HITPOINT WARNING * * *
Unknown command.
Casting: Static Discharge
Confirm with . or Enter, or press ? or * to list all spells.
Menkaure is struck by lightning.
Menkaure is heavily damaged.
The lightning arcs!
You are struck by lightning.
* * * LOW HITPOINT WARNING * * *
The lightning grounds out.
Menkaure casts a spell at you. Pain shoots through your body!
* * * LOW HITPOINT WARNING * * *
Unknown command.
Drink which item? (? for menu, Esc to quit)
It was a potion of ambrosia.
You are confused.
You feel invigorated. Menkaure is struck by your spines. Menkaure hits you!
You die...

...........ยง.....#%.
#..................._.
#..............#..#...
#...........#..#.## #
.........#+##..# .#...
.........#.###.#......
.........'....).......
[........#.###..#.....
.......@.#.# #..# ###.
.......M.#.# #....
###........# #.#..#
#.######.# #.#..# #
#.# #.#..# ... ..##.#
#


You could see Menkaure.

Vanquished Creatures
  An ogre (D:4)
  An orc priest (D:3)
  4 gnolls (D:2)
  6 adders
  A worm (D:2)
  A dart slug (D:1)
  2 giant geckos
  9 orcs (D:3)
  2 bats (D:1)
  2 giant cockroaches (D:2)
  4 goblins
  9 hobgoblins
  8 kobolds
  2 quokkas (D:2)
  5 giant newts
  8 rats
65 creatures vanquished.

Notes
Turn   | Place    | Note
--------------------------------------------------------------
     0 | D:1      | mopl the Demonspawn Air Elementalist began the quest for the Orb.
     0 | D:1      | Reached XP level 1. HP: 13/13 MP: 3/3
   335 | D:1      | Reached skill level 3 in Air Magic
   335 | D:1      | Gained mutation: You are partially covered in sharp spines. [demonic ancestry]
   335 | D:1      | Reached XP level 2. HP: 13/19 MP: 0/5
   581 | D:1      | Learned a level 2 spell: Repel Missiles
   923 | D:1      | Reached XP level 3. HP: 24/24 MP: 2/6
  1089 | D:2      | Learned a level 3 spell: Static Discharge
  1339 | D:2      | Reached skill level 2 in Conjurations
  1498 | D:2      | Gained mutation: You have a pair of small antennae on your head. [demonic ancestry]
  1498 | D:2      | Reached XP level 4. HP: 21/30 MP: 1/8
  2006 | D:2      | Reached skill level 3 in Spellcasting
  2008 | D:2      | Reached skill level 4 in Air Magic
  2008 | D:2      | Gained mutation: You are partially covered in large bone plates (AC +2, SH +2). [demonic ancestry]
  2008 | D:2      | Reached XP level 5. HP: 35/35 MP: 2/9
  2390 | D:3      | Found a bloodstained altar of Trog.
  2660 | D:4      | Found a staircase to the Ecumenical Temple.
  2675 | Temple   | Entered the Ecumenical Temple
  2716 | Temple   | Became a worshipper of Makhleb the Destroyer
  2748 | D:4      | Found a radiant altar of Vehumet.
  2750 | D:4      | Noticed an ogre
  2759 | D:4      | Killed an ogre
  2759 | D:4      | Reached skill level 1 in Invocations
  2759 | D:4      | Reached XP level 6. HP: 41/41 MP: 11/11
  2768 | D:4      | Noticed Menkaure
  2773 | D:4      | Mangled by Menkaure

Skill      XL: |  1  2  3  4  5 |
---------------+----------------+-----
Air Magic      | 3 4 |  4.6
Conjurations   | 2 |  2.8
Spellcasting   | 3 |  3.5
Invocations    | 1 |  1.3
Dodging        | |  1.7
Stealth        | |  1.7

Action                   |  1- 3 |  4- 6 || total
-------------------------+-------+-------++-------
Melee: Unarmed           |    33 |     3 ||    36
       Dagger            |       |    26 ||    26
 Cast: Shock             |    45 |    18 ||    63
       Repel Missiles    |     1 |       ||     1
       Static Discharge  |     3 |     4 ||     7
  Use: Potion            |       |     1 ||     1
 Stab: Sleeping          |     1 |     2 ||     3
  Eat: Chunk             |     2 |     4 ||     6
Armor: Robe              |    23 |     5 ||    28
Dodge: Dodged            |    60 |    15 ||    75
       Deflected         |     1 |       ||     1
Block: Other             |       |     2 ||     2
